 Dungeon Crawl Stone Soup version 0.31.0-11-ge490571c62 (webtiles) character file.

Game seed: 1834504620874593484

838 qw the Shooter (level 7, -2/35 HPs)
             Began as a Spriggan Hunter on Feb 4, 2024.
             Slain by a gnoll
             ... wielding a +2 flail of holy wrath
              (14 damage)
             ... on level 4 of the Dungeon.
             The game lasted 00:01:03 (2542 turns).

qw the Shooter (Spriggan Hunter)                    Turns: 2542, Time: 00:01:03

Health: -2/35      AC:  3    Str:  7    XL:     7   Next: 67%
Magic:  8/8        EV: 22    Int: 11    God:
Gold:   205        SH:  0    Dex: 20    Spells: 6/6 levels left

rFire   . . .        a - +1 shortbow
rCold   . . .        (shield currently unavailable)
rNeg    . . .        c - +0 robe
rPois   .            (helmet restricted)
rElec   .            m - +0 cloak
rCorr   .            (gloves unavailable)
SInv    +            (boots unavailable)
Will    ++...        d - amulet of regeneration
Stlth   ++           f - ring of willpower
HPRegen 1.05/turn    (no ring)
MPRegen 0.11/turn

%: no passive effects
@: very quick
A: very small, no large weapons, unfitting armour, see invisible, speed 3
a: no special abilities


You were on level 4 of the Dungeon.
You visited 1 branch of the dungeon, and saw 4 of its levels.

You collected 205 gold pieces.


Innate Abilities, Weirdness & Mutations

You are very small and have problems with some larger weapons.
You are too small for most types of armour.
You have supernaturally acute eyesight. (SInv)
You cover ground extremely quickly. (Speed+++)


   Skills:
 - Level 2.2 Fighting
 + Level 7.7 Ranged Weapons
 - Level 7.4 Dodging
 - Level 1.5 Stealth


You had 6 spell levels left.
You didn't know any spells.
Your spell library was empty.

Inventory:

Hand Weapons
 a - a +1 shortbow (weapon)
Armour
 c - a +0 robe (worn)
 m - a +0 cloak (worn)
Jewellery
 d - an amulet of regeneration (around neck)
 f - a ring of willpower (left hand)
Scrolls
 e - a scroll of identify
 i - a scroll of teleportation
Potions
 b - a potion of mutation
 g - a potion of heal wounds {unknown}
 h - a potion of degeneration {unknown}
 j - a potion of curing {unknown}
 k - a potion of berserk rage {unknown}
 l - a potion of resistance {unknown}
 n - a potion of attraction {unknown}

Dungeon Overview and Level Annotations

Branches:
Dungeon (4/15)
 Temple: D:4-7

Altars:

Annotations:
D:3 1 runed translucent door, Crazy Yiuf


Message History

The gnoll shouts!
The arrow hits the gnoll.
The gnoll is moderately wounded.
You shoot an arrow. The arrow closely misses the gnoll.
You hear a shout!
The gnoll closely misses you.
A gnoll comes into view.
It is wielding a +2 flail of holy wrath.
You shoot an arrow. The arrow hits the gnoll!
You kill the gnoll!
You shoot an arrow. The arrow hits the gnoll.
The gnoll is moderately wounded.
You shoot an arrow. The arrow barely misses the gnoll.
The gnoll closely misses you.
You shoot an arrow.
The arrow hits the gnoll but does no damage.
The gnoll is moderately wounded.
You shoot an arrow. The arrow hits the gnoll.
The gnoll is severely wounded.
The gnoll barely misses you.
You shoot an arrow. The arrow hits the gnoll.
The gnoll is severely wounded.
The gnoll barely misses you. x2
You shoot an arrow. The arrow hits the gnoll.
The gnoll is almost dead.
The gnoll misses you. The gnoll hits you with a +0 whip.
You shoot an arrow. The arrow hits the gnoll.
The gnoll is almost dead.
The gnoll misses you. The gnoll closely misses you.
You shoot an arrow. The arrow closely misses the gnoll.
The gnoll closely misses you. The gnoll completely misses you.
You shoot an arrow. The arrow barely misses the gnoll.
The gnoll hits you with a +2 flail of holy wrath!
The gnoll hits you with a +0 whip.
You shoot an arrow. The arrow hits the gnoll!
You kill the gnoll!
The gnoll hits you with a +2 flail of holy wrath!
You shoot an arrow. The arrow hits the gnoll.
The gnoll is lightly wounded.
The gnoll hits you with a +2 flail of holy wrath!
You die...

#####.).###..#
#...#.####......#. .......##
#..# #...#.# #...####.
######.# #..#
#...#.####.:.##### #.# #..#
#...........)....>
#.####..###...#........#####
..............######...#
...###..........# #...#
#...#.....##.###.# #...#
###.#.....##@# ... [...#
.#.......)g)..####...#
#.<...##.###.# #...#
#.....##.. .# #########. .#
.# .# .# .# .# .#


You could see a gnoll.

Vanquished Creatures
  Menkaure (D:4)
  An ogre (D:4)
  A bullfrog (D:3)
  2 scorpions
  A howler monkey (D:4)
  2 jellies (D:4)
  Jessica (D:3)
  Natasha (thrice) (D:3)
  Terence (D:3)
  2 iguanas (D:4)
  5 gnolls (D:4)
  4 adders (D:2)
  A shadow imp (D:3)
  A ribbon worm (D:3)
  A dart slug (D:3)
  6 orcs (D:4)
  5 ball pythons
  10 endoplasms
  2 giant cockroaches
  5 hobgoblins
  18 jackals
  5 kobolds
  3 quokkas
  6 bats
  A frilled lizard (D:1)
  8 goblins
  3 rats
99 creatures vanquished.

Notes
Turn   | Place    | Note
-------+----------+-------------------------------------------
     0 | D:1      | qw the Spriggan Hunter began the quest for the Orb.
     0 | D:1      | Reached XP level 1. HP: 10/10 MP: 2/2
     0 | D:1      | 0 ||| qw: Version: 0.3-a-160-g6735b56
     0 | D:1      | 0 ||| qw: Game counter: 5792
     0 | D:1      | 0 ||| qw: Melee chars always use a shield: true
     0 | D:1      | 0 ||| qw: God list: Okawaru
     0 | D:1      | 0 ||| qw: Allow faded altars: false
     0 | D:1      | 0 ||| qw: Do Orc after clearing Dungeon:15 true
     0 | D:1      | 0 ||| qw: Do second Lair branch before Depths: true
     0 | D:1      | 0 ||| qw: Lair rune preference: random
     0 | D:1      | 0 ||| qw: Goals: Normal
     0 | D:1      | 0 ||| PLANNING D:1-11
    16 | D:1      | Reached skill level 3 in Dodging
    81 | D:1      | 81 ||| RETREEEEATING.
    89 | D:1      | Reached XP level 2. HP: 9/14 MP: 3/3
   362 | D:1      | Reached XP level 3. HP: 18/18 MP: 4/4
   491 | D:1      | 491 ||| UPGRADING to amulet of regeneration.
   496 | D:1      | 496 ||| DROPPING ring of magical power.
   497 | D:1      | 497 ||| READING scroll labelled YNEACS IDDEP.
   498 | D:1      | 498 ||| READING scroll labelled HADEMP EDWUTHIO.
   498 | D:1      | 498 ||| ENCHANTING +0 shortbow.
   499 | D:1      | 499 ||| DROPPING scroll of butterflies.
   501 | D:1      | 501 ||| Stepping ~*~*~tactically~*~*~ (cloud).
   978 | D:2      | Reached XP level 4. HP: 22/22 MP: 5/5
  1234 | D:2      | 1234 ||| UPGRADING to ring of willpower.
  1235 | D:2      | 1235 ||| READING scroll labelled HASTRU GULIDE.
  1235 | D:2      | 1235 ||| ENCHANTING +1 shortbow.
  1236 | D:2      | 1236 ||| READING scroll labelled FIREIL PISI.
  1301 | D:3      | Noticed a scorpion
  1312 | D:3      | Killed a scorpion
  1313 | D:3      | Reached XP level 5. HP: 22/25 MP: 6/6
  1429 | D:3      | Noticed Jessica
  1431 | D:3      | Killed Jessica
  1477 | D:3      | Noticed Natasha
  1486 | D:3      | Killed Natasha
  1533 | D:3      | Noticed Terence
  1544 | D:3      | Killed Terence
  1727 | D:3      | Found a runed translucent door.
  1728 | D:3      | Noticed Crazy Yiuf
  1929 | D:3      | Reached skill level 6 in Ranged Weapons
  1929 | D:3      | Reached XP level 6. HP: 30/30 MP: 7/7
  2012 | D:3      | Noticed Natasha
  2021 | D:3      | Killed Natasha
  2064 | D:3      | Noticed Natasha
  2068 | D:3      | Killed Natasha
  2069 | D:3      | Reached skill level 6 in Dodging
  2090 | D:3      | 2090 ||| UPGRADING to +0 cloak.
  2095 | D:3      | 2095 ||| READING scroll labelled GULINE JOQU.
  2096 | D:3      | 2096 ||| READING scroll labelled CEYKEUMUPT.
  2096 | D:3      | 2096 ||| IDENTIFYING viscous golden potion
  2136 | D:4      | 2136 ||| RETREEEEATING.
  2137 | D:4      | 2137 ||| RETREEEEATING.
  2138 | D:4      | 2138 ||| RETREEEEATING.
  2142 | D:4      | 2142 ||| RETREEEEATING.
  2145 | D:4      | 2145 ||| RETREEEEATING.
  2167 | D:4      | Reached XP level 7. HP: 34/35 MP: 8/8
  2500 | D:4      | Noticed Menkaure
  2506 | D:4      | Killed Menkaure
  2542 | D:4      | Slain by a gnoll

Levels and vault maps discovered:
D:1:      lordsloth_arrival_two_stooges, layout_rooms, chequers_arboretum,
          interstate_on_off
D:2:      layout_basic
D:3:      layout_loops_cross, kennysheep_generic_room_11, uniq_terence,
          uniq_jessica, uniq_crazy_yiuf_cottage, uniq_natasha
D:4:      layout_loops_ring, uniq_menkaure

Skill      XL: |  1  2  3  4  5  6  7 |
---------------+----------------------+-----
Dodging        | 3 4 5 6 7 |  7.4
Ranged Weapons | 5 6 7 |  7.7
Fighting       | 2 |  2.2
Stealth        | |  1.5

Action                     |  1- 3 |  4- 6 |  7- 9 || total
---------------------------+-------+-------+-------++-------
   Fire: Shortbow          |   103 |   134 |    92 ||   329
    Use: Scroll            |     2 |     4 |       ||     6
 Armour: Robe              |    11 |    14 |    10 ||    35
  Dodge: Dodged            |    37 |    52 |    25 ||   114

Table legend:
 A = Non-vault XP
 B = Vault XP
 C = Vault XP percentage of total XP
 D = Non-vault monster count
 E = Vault monster count
 F = Vault count percentage of total count
                 A         B        C        D         E       F
            +---------+---------+-------+---------+---------+-------
      Total |     933 |     265 |  22.1 |      94 |       5 |   5.1
            +---------+---------+-------+---------+---------+-------
        D:1 |      41 |       0 |   0.0 |      25 |       0 |   0.0
        D:2 |      70 |       0 |   0.0 |      14 |       0 |   0.0
        D:3 |     292 |     111 |  27.5 |      24 |       4 |  14.3
        D:4 |     530 |     154 |  22.5 |      31 |       1 |   3.1
            +---------+---------+-------+---------+---------+-------
